 Dungeon Crawl Stone Soup version 0.19.1-1-g22dce08 (console) character file.

2844 Grinner the Spear-Bearer (level 9, -10/68 HPs)
             Began as a Minotaur Warper on Jan 15, 2017.
             Was a Follower of Makhleb.
             Mangled by keipra's ghost (23 damage)
             ... on level 9 of the Dungeon.
             The game lasted 00:32:43 (6730 turns).

Grinner the Spear-Bearer (Minotaur Warper)          Turns: 6730, Time: 00:32:44

Health: -10/68     AC:  9    Str: 17    XL:     9   Next: 46%
Magic:  5/11       EV: 17    Int: 10    God:    Makhleb [*.....]
Gold:   379        SH:  0    Dex: 16    Spells: 2 memorised, 7 levels left

rFire  + . .     SeeInvis .     i - +3 spear (vamp)
rCold  + . .     Gourm    .     w - +0 ring mail of Thank Me Later {Dex+4 Slay+3} (curse)
rNeg   . . .     Faith    .     (no shield)
rPois  .         Spirit   .     I - +2 hat
rElec  .         Reflect  .     G - +0 cloak
rCorr  .         Harm     .     m - +0 pair of gloves
MR     .....                    (no boots)
Stlth  +.........               (no amulet)
                                H - ring of protection from fire
                                j - ring of protection from cold

@: very slightly contaminated, starving, hasted, invisible, very quick
A: retaliatory headbutt, horns 2
a: Renounce Religion


You were on level 9 of the Dungeon.
You worshipped Makhleb.
Makhleb was aware of your devotion.
You were starving.

You visited 2 branches of the dungeon, and saw 10 of its levels.

You collected 379 gold pieces.

Inventory:

Hand Weapons
 a - a +1 trident of pain
 i - a +3 vampiric spear (weapon)
Missiles
 d - 5 tomahawks of dispersal (quivered)
 n - 13 tomahawks
Armour
 m - a +0 pair of gloves (worn)
 w - the cursed +0 ring mail of Thank Me Later (worn) {Dex+4 Slay+3}
   (You found it on level 9 of the Dungeon)

   It affects your dexterity (+4).
   It affects your accuracy and damage with ranged weapons and melee attacks
   (+3).
   It has a curse placed upon it.
 y - the +0 robe "Nehet" {rElec}
   (You found it on level 6 of the Dungeon)

   It insulates you from electricity.
 G - a +0 cloak (worn)
 I - a +2 hat (worn)
Jewellery
 e - a +3 ring of intelligence
 j - a ring of protection from cold (left hand)
 H - a ring of protection from fire (right hand)
Wands
 o - a wand of flame (25/48)
 v - a wand of digging (9/24)
 F - a wand of lightning (0/15)
 L - a wand of enslavement (11/24)
Scrolls
 c - 2 scrolls of blinking
 f - 4 scrolls of remove curse
 h - a scroll of amnesia
 k - a scroll of enchant weapon
 p - 2 scrolls of magic mapping
 t - a scroll of immolation
 E - a scroll of fog
Potions
 g - a potion of curing
 q - a potion of agility
 s - 2 potions of haste
 z - a potion of magic {unknown}
 C - a potion of invisibility
 D - a potion of resistance
 J - a potion of brilliance
Books
 b - a book of Spatial Translocations

   Spells                             Type                      Level
   a - Blink                          Translocation                2
   b - Shroud of Golubria             Charms/Translocation         2
   c - Lesser Beckoning               Translocation                3
   d - Portal Projectile              Translocation                3
   e - Teleport Other                 Translocation                3
   f - Passage of Golubria            Translocation                4
Miscellaneous
 K - a phantom mirror
Comestibles
 l - 4 bread rations
 u - 2 meat rations
 x - 9 fruits
 A - 2 beef jerkies
 B - a royal jelly


   Skills:
 - Level 2.4 Fighting
 * Level 9.7 Polearms
 - Level 1.0 Throwing
 - Level 1.2 Armour
 * Level 9.3 Dodging
 - Level 2.3 Unarmed Combat
 - Level 2.1 Spellcasting
 - Level 4.0 Translocations
 + Level 2.9 Invocations


You had 7 spell levels left.
You knew the following spells:

 Your Spells              Type           Power        Failure   Level  Hunger
a - Teleport Other        Tloc           #.......     34%         3    ####...
b - Blink                 Tloc           N/A          17%         2    ###....


Dungeon Overview and Level Annotations

Branches:
Dungeon (9/15)             Temple (1/1) D:6
   Lair: D:8-11         Orc: D:9-12

Altars:
Ashenzari
Cheibriados
Dithmenos
Elyvilon
Fedhas
Gozag
Hepliaklqana
Kikubaaqudgha
Makhleb
Nemelex Xobeh
Okawaru
Qazlal
Ru
Sif Muna
Trog
Uskayaw
Vehumet
Xom
Yredelemnul
Zin
The Shining One

Shops:
D:7 (

Annotations:
D:4 avis's ghost, novice HOFi
D:9 keipra's ghost, journeyman MiBe


Innate Abilities, Weirdness & Mutations

You reflexively headbutt those who attack you in melee.
You have a pair of horns on your head.


Message History

Evoking this partially-identified wand wasted a few charges.
Press: ? - help, v - describe, . - travel
Here: keipra's ghost (heavily damaged)
The floor.
Okay, then.
Unknown command.
Casting: Blink
Confirm with . or Enter, or press ? or * to list all spells.
You blink.
You are starving!
You fade into invisibility!
You are very lightly contaminated with residual magic.
You are too hungry to fight recklessly!
You catch the helpless keipra's ghost completely off-guard!
You hit keipra's ghost but do no damage.
Keipra's ghost is heavily damaged.
Keipra's ghost hits you!
* * * LOW HITPOINT WARNING * * *
It was a potion of haste.
You feel yourself speed up. Keipra's ghost hits you!!
You die...

.............#
.............#
#######........
+.........
#..........
#).........
##################
................@#
................W#
.................#
....#########....#
##### ##....#
#.....# #.....#
#.....# #######


You could see keipra's ghost.

Vanquished Creatures
  4 yaks (D:8)
  2 sky beasts (D:7)
  3 orc warriors (D:7)
  3 ice beasts
  A black bear (D:7)
  A centaur (D:7)
  A big kobold (D:9)
  3 bullfrogs
  A scorpion (D:6)
  5 crimson imps
  9 orc wizards
  2 orc priests
  3 centaur skeletons
  3 hounds
  A jelly (D:7)
  2 iguanas
  A killer bee zombie (D:5)
  A hound skeleton (D:7)
  Robin (D:4)
  4 gnolls
  7 adders
  2 shadow imps
  An ooze (D:3)
  3 dart slugs (D:1)
  A worm (D:3)
  A leopard gecko (D:1)
  33 orcs
  6 bats
  11 giant cockroaches
  15 goblins
  12 hobgoblins
  2 jackals
  15 kobolds
  4 quokkas
  A ball python (D:2)
  8 frilled lizards
  2 jackal skeletons
  A jackal zombie (D:5)
  A leopard gecko skeleton (D:6)
  A leopard gecko zombie (D:7)
  5 rats (D:1)
183 creatures vanquished.

Notes
Turn   | Place    | Note
-------+----------+-------------------------------------------
     0 | D:1      | Grinner the Minotaur Warper began the quest for the Orb.
     0 | D:1      | Reached XP level 1. HP: 18/18 MP: 1/1
   371 | D:1      | Reached XP level 2. HP: 24/25 MP: 3/3
   375 | D:1      | Learned a level 2 spell: Blink
   570 | D:1      | Reached skill level 1 in Polearms
   686 | D:1      | Reached XP level 3. HP: 30/30 MP: 4/4
  1231 | D:2      | Reached XP level 4. HP: 29/37 MP: 4/6
  1236 | D:2      | Found a faded altar of an unknown god.
  1835 | D:2      | Reached XP level 5. HP: 37/42 MP: 5/7
  2630 | D:4      | Reached XP level 6. HP: 32/50 MP: 8/8
  2748 | D:4      | Noticed Robin
  2800 | D:4      | Killed Robin
  2959 | D:4      | Noticed avis's ghost (novice HOFi)
  2977 | D:5      | Entered Level 5 of the Dungeon
  3199 | D:5      | Reached skill level 5 in Dodging
  3373 | D:5      | Reached skill level 5 in Polearms
  3422 | D:5      | Reached XP level 7. HP: 21/56 MP: 9/9
  3759 | D:5      | Found a sparkling altar of Nemelex Xobeh.
  3797 | D:5      | Learned a level 3 spell: Teleport Other
  4161 | D:6      | Found a staircase to the Ecumenical Temple.
  4175 | Temple   | Entered the Ecumenical Temple
  4422 | Temple   | Became a worshipper of Makhleb the Destroyer
  4808 | D:6      | Got a colourful robe
  4819 | D:6      | Identified the cursed +0 robe "Nehet" {rElec} (You found it on level 6 of the Dungeon)
  4974 | D:6      | Found a stormy altar of Qazlal.
  5335 | D:7      | Found Yceat's Weapon Boutique.
  5342 | D:7      | Reached XP level 8. HP: 62/62 MP: 10/10
  5536 | D:7      | Reached * piety under Makhleb
  5833 | D:7      | Reached skill level 1 in Invocations
  6138 | D:7      | Reached XP level 9. HP: 56/68 MP: 11/11
  6592 | D:9      | Got a jewelled ring mail
  6603 | D:9      | Identified the cursed +0 ring mail of Thank Me Later {Dex+4 Slay+3} (You found it on level 9 of the Dungeon)
  6664 | D:9      | Noticed keipra's ghost (journeyman MiBe)
  6730 | D:9      | Mangled by keipra's ghost

Skill      XL: |  1  2  3  4  5  6  7  8  9 |
---------------+----------------------------+-----
Polearms       | 1 2 3 4 5 6 8 9 |  9.7
Dodging        | 3 4 5 6 8 9 |  9.3
Spellcasting   | 2 |  2.1
Translocations | 3 4 |  4.0
Invocations    | 1 2 |  2.9
Fighting       | |  2.4
Throwing       | |  1.0
Armour         | |  1.2
Unarmed Combat | |  2.3

Action                   |  1- 3 |  4- 6 |  7- 9 || total
-------------------------+-------+-------+-------++-------
Melee: Unarmed           |    31 |       |       ||    31
       Headbutt          |    10 |    21 |    46 ||    77
       Spear             |    69 |   221 |   332 ||   622
       Punch             |       |     1 |     4 ||     5
 Cast: Blink             |       |     1 |    13 ||    14
       Teleport Other    |       |       |     1 ||     1
Evoke: Wand              |       |       |    14 ||    14
  Use: Scroll            |     2 |     7 |     8 ||    17
       Potion            |       |     6 |     3 ||     9
 Stab: Invisible         |       |     1 |     1 ||     2
       Sleeping          |       |       |     5 ||     5
  Eat: Bread ration      |     1 |       |       ||     1
       Chunk             |       |     9 |     8 ||    17
       Pizza             |       |       |     1 ||     1
Armor: Leather armour    |    18 |    20 |     9 ||    47
       Robe              |       |       |    29 ||    29
       Ring mail         |       |       |     4 ||     4
Dodge: Dodged            |    56 |    98 |   141 ||   295
